 Dungeon Crawl Stone Soup version 0.22-a0-223-g0f5d773 (webtiles) character file.

36 Tovarisch the Sneak (level 3, 0/28 HPs)
             Began as a Gnoll Wanderer on Feb 18, 2018.
             Slain by an adder (2 damage)
             ... on level 2 of the Dungeon.
             The game lasted 00:03:50 (1221 turns).

Tovarisch the Sneak (Gnoll Wanderer)                Turns: 1221, Time: 00:03:51

Health: 0/28       AC:  3    Str:  9 (12) XL:     3   Next: 37%
Magic:  1/7        EV: 13    Int: 10 (13) God:
Gold:   38         SH:  0    Dex: 17 (18) Spells: 1/7 levels left

rFire    . . .     SeeInvis .   b - +0 quarterstaff
rCold    . . .     Gourm    .   (shield currently unavailable)
rNeg     . . .     Faith    .   g - +1 robe (curse)
rPois    .         Spirit   .   (no helmet)
rElec    .         Reflect  .   (no cloak)
rCorr    .         Harm     .   (no gloves)
MR       .....                  (no boots)
Stlth    +++.......             (no amulet)
HPRegen  0.09/turn              (no ring)
MPRegen  0.10/turn              (no ring)

@: lethally poisoned (0 -> -5), very slightly contaminated
A: distributed training, fangs 1, strong nose
a: no special abilities


You were on level 2 of the Dungeon.
You were not hungry.

You visited 1 branch of the dungeon, and saw 2 of its levels.

You collected 38 gold pieces.

Inventory:

Hand Weapons
 b - a +0 quarterstaff (weapon)
 e - a +0 dagger
Missiles
 c - 15 arrows
Armour
 d - a +0 robe
 g - a cursed +1 robe (worn)
Jewellery
 f - a cursed ring of loudness {unknown}
Scrolls
 j - a scroll of fog {unknown}
 l - a scroll of identify {unknown}
 n - a scroll of teleportation {unknown}
Comestibles
 a - 5 rations


   Skills:
 + Level 2.6 Fighting
 + Level 0.7 Short Blades
 + Level 0.7 Long Blades
 + Level 0.7 Axes
 + Level 0.7 Maces & Flails
 + Level 0.7 Polearms
 + Level 2.6 Staves
 + Level 0.7 Slings
 + Level 0.7 Bows
 + Level 0.7 Crossbows
 + Level 0.7 Throwing
 + Level 0.7 Armour
 + Level 2.6 Dodging
 + Level 6.0 Stealth
 + Level 0.7 Shields
 + Level 0.7 Unarmed Combat
 + Level 2.8 Spellcasting
 + Level 0.5 Conjurations
 + Level 0.5 Hexes
 + Level 0.5 Charms
 + Level 0.5 Summonings
 + Level 0.5 Necromancy
 + Level 0.5 Translocations
 + Level 0.5 Transmutations
 + Level 2.1 Fire Magic
 + Level 2.1 Ice Magic
 + Level 0.5 Air Magic
 + Level 0.5 Earth Magic
 + Level 0.5 Poison Magic
 + Level 0.9 Invocations
 + Level 2.6 Evocations


You had one spell level left.
You knew the following spells:

 Your Spells              Type           Power        Failure   Level  Hunger
a - Flame Tongue          Conj/Fire      #....        17%         1    ##.....
b - Sticks to Snakes      Tmut           #.......     34%         2    ###....
f - Conjure Flame         Conj/Fire      #.......     45%         3    ####...


Dungeon Overview and Level Annotations

Branches:
Dungeon (2/15)

Altars:


Innate Abilities, Weirdness & Mutations

Your experience applies equally to all skills.
You have very sharp teeth.
Your uncanny sense of smell can sniff out nearby items.


Message History

You kill the adder!
Your Stealth skill increases to level 6!
You feel sick. The adder bites you.
* * * LOW HITPOINT WARNING * * *
A quokka comes into view.
As you read the scroll labeled ULOMEA YJ MUV, it crumbles to dust.
It is a scroll of amnesia.
Okay, then.
* * * LOW HITPOINT WARNING * * *
You feel sick. The adder bites you.
* * * LOW HITPOINT WARNING * * *
As you read the scroll labeled CASCHE OSYSTYROT, it crumbles to dust.
You feel aware of your surroundings.
It was a scroll of magic mapping.
The adder barely misses you.
As you read the scroll labeled WESIUX KEUJE, it crumbles to dust.
It is a scroll of enchant armour.
Your cursed +0 robe glows green for a moment.
* * * LOW HITPOINT WARNING * * *
You feel sick. The adder bites you.
You die...

*,,,,,* #..(......,,,,***,,*
**,,,,,**#####r.......,,**,,,,,,*
**,,,,,,,#.....(.....,,,******,,*
,,,,,,,,,......#.#..###** *,,*
*****,,*,#......<.....,*******,,,
,,,,,,,∆,....S......##>.,,,,,,,,,
,,,***,,,.........K.r?#*******,,*
**,,*,,,,,,,,,*#S#***,* *,,*
***,,,.#,,,,**##@# *,** *,,*
,*,,**...,,** #..# *,,## *,,*
,,,,,,,...,* ##.## **,<# **##,,*
,,,,,,,*#..**#..# **.###...,,*
,***,,∆,#...##.########.....#**,*
,* *,,,,,,#......#.......#,,* *,*
,* **,#.....#..........##**,***,*
,* *,,##....[...........###,,**,*
,* *,,..#..........)......##.##,*


You could see an adder and a quokka (wandering).

Vanquished Creatures
  An adder (D:2)
  A dart slug (D:1)
  3 leopard geckos (D:1)
  A ball python (D:1)
  A giant cockroach (D:1)
  A goblin (D:1)
  A hobgoblin (D:1)
  3 jackals (D:1)
  3 kobolds (D:1)
  2 bats (D:1)
  A frilled lizard (D:1)
  4 rats
22 creatures vanquished.

Notes
Turn   | Place    | Note
-------+----------+-------------------------------------------
     0 | D:1      | Tovarisch the Gnoll Wanderer began the quest for the Orb.
     0 | D:1      | Tovarisch set off with: a ration, a +0 quarterstaff, a +0 robe, a +0 dagger
     0 | D:1      | Reached XP level 1. HP: 17/17 MP: 4/4
     7 | D:1      | Learned a level 1 spell: Flame Tongue
    88 | D:1      | Reached XP level 2. HP: 12/23 MP: 0/5
   150 | D:1      | Learned a level 2 spell: Sticks to Snakes
   913 | D:1      | Reached XP level 3. HP: 19/28 MP: 7/7
  1208 | D:2      | Learned a level 3 spell: Conjure Flame
  1218 | D:2      | Reached skill level 6 in Stealth
  1221 | D:2      | Slain by an adder

Vault maps used:
D:1:      grunt_arrival_lava_bath, minmay_splitting_lines,
          minmay_misc_feat_more_columns, serial_bayou_pond_c
D:2:      minmay_ruptured, uniq_crazy_yiuf_cottage

Skill      XL: |  1  2  3 |
---------------+----------+-----
Fire Magic     | 2 |  2.1
Ice Magic      | 2 |  2.1
Stealth        | 6 |  6.0
Fighting       | |  2.6
Short Blades   | |  0.7
Long Blades    | |  0.7
Axes           | |  0.7
Maces & Flails | |  0.7
Polearms       | |  0.7
Staves         | |  2.6
Slings         | |  0.7
Bows           | |  0.7
Crossbows      | |  0.7
Throwing       | |  0.7
Armour         | |  0.7
Dodging        | |  2.6
Shields        | |  0.7
Unarmed Combat | |  0.7
Spellcasting   | |  2.8
Conjurations   | |  0.5
Hexes          | |  0.5
Charms         | |  0.5
Summonings     | |  0.5
Necromancy     | |  0.5
Translocations | |  0.5
Transmutations | |  0.5
Air Magic      | |  0.5
Earth Magic    | |  0.5
Poison Magic   | |  0.5
Invocations    | |  0.9
Evocations     | |  2.6

Action                   || total
-------------------------++-------
Melee: Quarterstaff      ||    31
       Bite              ||     1
 Cast: Flame Tongue      ||    22
  Use: Scroll            ||     3
       Potion            ||     1
 Stab: Sleeping          ||     3
  Eat: Chunk             ||     1
Armor: Robe              ||     9
Dodge: Dodged            ||    29

Table legend:
 A = Spawn XP
 B = Non-spawn XP
 C = Spawn XP percentage of total XP
 D = Spawn monster count
 E = Non-spawn monster count
 F = Spawn count percentage of total count
 G = Total turns spent on level
                    A         B        C        D         E        F      G
               +---------+---------+-------+---------+---------+-------+---------
         Total |       0 |      52 |   0.0 |       0 |      22 |   0.0 |  1221
               +---------+---------+-------+---------+---------+-------+---------
           D:1 |       0 |      38 |   0.0 |       0 |      20 |   0.0 |  1172
           D:2 |       0 |      14 |   0.0 |       0 |       2 |   0.0 |    49
               +---------+---------+-------+---------+---------+-------+---------
